 Dungeon Crawl Stone Soup version 0.31.0-32-g396128a36d (webtiles) character file.

Game seed: 17192899979325667396

136384 Longtemps the Warrior (level 16, -3/113 (137) HPs)
             Began as a Demonspawn Chaos Knight on Mar 11, 2024.
             Was a Plaything of Xom.
             Killed by angry trees
             ... awakened by a spriggan druid
              (13 damage)
             ... on level 4 of the Swamp.
             The game lasted 03:10:09 (41772 turns).

Longtemps the Warrior (Demonspawn Chaos Knight)    Turns: 41772, Time: 03:10:15

HP:   -3/113 (137)  AC: 41    Str: 26    XL:     16   Next: 66%
MP:   3/16          EV: 12    Int: 19    God:    Xom [..*...]
Gold: 1141          SH: 17    Dex: 16    Spells: 15/15 levels left

rFire   . . .        Z - +4 scimitar (flame)
rCold   . . .        T - +1 buckler "Juawisam" {Int+5 SInv}
rNeg    + + +        g - +10 plate armour {ponderous}
rPois   +            (helmet restricted)
rElec   .            A - +2 cloak
rCorr   .            r - +2 pair of gloves {infuse}
SInv    +            U - +0 pair of boots "Xoasuhoi" {*Corrode +Inv rN+++ Dex+4}
Will    +....        x - amulet "Bamn" {Reflect Slay+3 SH+5 SInv} Stlth
                     m - +6 ring of strength
HPRegen 0.38/turn    G - +4 ring of protection
MPRegen 0.15/turn

%: random rage (3%), corrode self (3%), reflection, infuse magic (1 MP)
@: very slightly contaminated, studying Fighting, heavily drained, invisible,
slow
A: claws 2, icy blue scales 2, demonic guardian 2, condensation shield, hooves
1, horns 1, berserk 1, mutation resistance 1, poison resistance, shaggy fur 1,
teleportitis 1
a: Renounce Religion, Evoke Invisibility


You were on level 4 of the Swamp.
You worshipped Xom.
You were a toy of Xom.
You visited 5 branches of the dungeon, and saw 27 of its levels.
You also visited: Sewer.

You collected 2689 gold pieces.
You spent 1548 gold pieces at shops.

Inventory:

Hand Weapons
 a - a +4 hand axe of chaos
 t - a +0 arbalest of freezing
 Y - the +8 arc blade {discharge, rElec}
   (You found it on level 5 of the Lair of Beasts)

   rElec:     It insulates you from electricity.
 Z - a +4 scimitar of flaming (weapon)
Missiles
 e - 10 javelins
 f - 10 curare-tipped darts
 k - 2 darts of dispersal
 q - 8 boomerangs
 E - 69 poisoned darts (quivered)
 Q - 4 silver javelins
Armour
 b - a +2 scale mail of willpower
 g - a +10 plate armour of ponderousness (worn)
 r - a +2 pair of gloves of infusion (worn)
 A - a +2 cloak (worn)
 M - a +2 chain mail of fire resistance
 T - the +1 buckler "Juawisam" (worn) {Int+5 SInv}
   (You found it on level 7 of the Dungeon)

   Int+5:     It affects your intelligence (+5).
   SInv:      It lets you see invisible.
 U - the +0 pair of boots "Xoasuhoi" (worn) {*Corrode +Inv rN+++ Dex+4}
   (You bought it in a shop on level 2 of the Orcish Mines)

   Dex+4:     It affects your dexterity (+4).
   rN+++:     It renders you almost immune to negative energy.
   +Inv:      It lets you turn invisible.
   *Corrode:  It may corrode you when you take damage.
Jewellery
 m - a +6 ring of strength (left hand)
 x - the amulet "Bamn" (around neck) {Reflect Slay+3 SH+5 SInv}
   (Xom gifted it to you on level 15 of the Dungeon)

   [amulet of reflection]

   Reflect:   It reflects blocked missile attacks.
   Slay+3:    It affects your accuracy & damage with ranged weapons and melee
   (+3).
   SInv:      It lets you see invisible.
   SH+5:      It affects your SH (+5).
 G - a +4 ring of protection (right hand)
Talismans
 S - a serpent talisman
Wands
 u - a wand of light (10)
 P - a wand of digging (3)
 R - a wand of flame (62)
 V - a wand of charming (50)
 X - a wand of roots (8)
Scrolls
 c - 2 scrolls of butterflies
 h - 4 scrolls of fog
 n - 5 scrolls of immolation
 o - 2 scrolls of enchant armour
 p - 3 scrolls of revelation
 s - a scroll of silence
 y - 3 scrolls of noise
 L - 5 scrolls of torment
 O - 2 scrolls of poison
Potions
 d - a potion of might
 j - a potion of resistance
 l - 2 potions of berserk rage
 w - 4 potions of enlightenment
 z - 4 potions of cancellation
 F - 2 potions of magic
 H - 2 potions of ambrosia
 I - 3 potions of haste
 J - 3 potions of heal wounds
 N - 11 potions of curing
 W - 2 potions of lignification
Miscellaneous
 C - a lightning rod (4/4)
 D - a tin of tremorstones (2/2)


   Skills:
 + Level 15.7 Fighting
 + Level 0.4(4.8) Short Blades
 + Level 7.7 Long Blades
 - Level 15.1 Axes
 + Level 2.5 Throwing
 * Level 10.6 Armour
 + Level 10.1 Dodging
 - Level 10.2 Stealth
 + Level 9.8 Shields
 - Level 4.0 Evocations


You had 15 spell levels left.
You didn't know any spells.
Your spell library contained the following spells:

 Spells                   Type           Power      Damage    Failure   Level
 Freeze                   Ice            0%         1d3       91%         1
 Ensorcelled Hibernation  Hex/Ice        0%         N/A       97%         2
 Frozen Ramparts          Ice            0%         1d1       99%         3
 Fugue of the Fallen      Necr           0%         N/A       99%         3
 Hailstorm                Conj/Ice       0%         3d5       99%         3
 Stone Arrow              Conj/Erth      0%         3d7       99%         3
 Volatile Blastmotes      Fire/Tloc      0%         2d10      99%         3
 Anguish                  Hex/Necr       0%         N/A       100%        4
 Animate Armour           Summ/Erth      0%         N/A       100%        4
 Fulminant Prism          Conj/Alch      0%         3d5       100%        4
 Ignite Poison            Fire/Alch      0%         N/A       100%        4
 Iskenderun's Mystic Bla  Conj/Tloc      0%         2d3       100%        4
 Sticky Flame             Fire/Alch      0%         2d4       100%        4
 Summon Blazeheart Golem  Fire/Summ      0%         N/A       100%        4
 Orb of Destruction       Conj           0%         9d5       100%        7
 Spellforged Servitor     Conj/Summ      0%         N/A       100%        7
 Ignition                 Fire           0%         3d3       100%        8
 Lehudib's Crystal Spear  Conj/Erth      0%         10d2      100%        8


Dungeon Overview and Level Annotations

Branches:
Dungeon (15/15)            Temple (0/1) D:4            Lair (5/5) D:9
  Swamp (4/4) Lair:2       Spider (0/4) Lair:2        Slime (0/5) Lair:4
    Orc (2/2) D:9             Elf (0/3) Orc:2        Vaults (0/5) D:13
 Depths (1/4) D:15          Sewer (visited)

Altars:
Gozag
Kikubaaqudgha
Makhleb
Qazlal
Trog
Vehumet
Xom
Jiyva

Shops:
D:8 =   D:15 !   Orc:2 ([(*(

Annotations:
D:6 Jeremiah
D:13 2 transporters, tevior's ghost, journeyman HOGl
Lair:5 3 runed translucent doors, sking99's ghost, journeyman DrSh
Swamp:1 2 transporters
Swamp:4 Lernaean hydra


Innate Abilities, Weirdness & Mutations

You have very sharp fingernails.
You are mostly covered in icy blue scales. (AC +3)
A demonic guardian rushes to your aid.
A meltable shield of frost defends you. (SH +4)
You have large cloven feet.
You have a pair of small horns on your head.
You sometimes lose your temper in combat.
You are somewhat resistant to further mutation.
Your system is resistant to poisons. (rPois)
You are covered in fur. (AC +1)
You are occasionally teleported next to monsters.


Message History

Your butterfly disappears in a burst of colours!
The swamp dragon moves out of view.
You swap places.
The swamp dragon roars deafeningly!
You hear a roar!
You hear a deafening roar!
Your butterfly is hit by a branch!
Your butterfly dies!
Your butterfly disappears in a burst of colours!
A tree reaches out and hits you!
* * * LOW HITPOINT WARNING * * *
A root lunges up near your butterfly.
A root smacks your butterfly from below!
Your butterfly dies!
Your butterfly disappears in a burst of colours!
A root smacks your butterfly from below!
Your butterfly dies!
Your butterfly disappears in a burst of colours!
The swamp dragon breathes poison at the swamp dragon.
The blast of poison engulfs your butterfly!!
Your butterfly dies!
Your butterfly disappears in a burst of colours!
Your butterfly is engulfed in poison gas.
Your butterfly is poisoned.
Your butterfly dies!
Your butterfly disappears in a burst of colours!
Your butterfly is engulfed in poison gas.
Your butterfly is poisoned.
Your butterfly dies!
Your butterfly disappears in a burst of colours!
Your butterfly is engulfed in poison gas.
Your butterfly is poisoned.
Your butterfly dies!
Your butterfly disappears in a burst of colours!
You swap places.
The swamp dragon roars deafeningly!
You hear a roar!
A root smacks your butterfly from below!
Your butterfly dies!
Your butterfly disappears in a burst of colours!
A root smacks you from below!
You die...
Xom howls with laughter!

~~~♣ **** **,~~~~~,*** ~~~♣*
♣♣* *,,~~~~~~~,* ~~~.♣ ♣♣♣~♣***
*~,~~,~~~~,* ~~~~♣****♣.~~~~~*
*,,,,,,,,,,* .~~.~.~~*♣~~~b♣♣*
*~~~~~~,,,~* ~..~.~~~,♣.~~b~.♣♣
*~~~~,,~~~,* ~~...,~~,♣~~bb~~.♣
*~~~~~~~~~** ~,..~,~,~.~bb☼b~○♣
**~~~~~,~,*
*~*,,,**~.~bD○☼b@♣♣**~~~~,*****
,k,,*****♣♣D§☼☼☼..♣*,~~~~~*
*,,,* ***♣♣♣♣♣...♣*~~~~,**
~D~,* *,,,* ♣♣♣DD♣♣*~,*****
*,,~****,,*♣♣♣iFDiD♣♣**~,,~*
,,,~**,~~**♣.DDDDw§~♣ *,~,**
,,,~*,~~~♣♣♣§§§§§b~~♣ *~,~*
**,~~,~~k§..i§i§§§~§♣**~***
*♣♣,~**♣....Dl§§§~..♣*~**


You could see a seven-headed hydra (unable to see you, ally target), 5 swamp
dragons, a spriggan druid and a goliath frog (unable to see you).

Vanquished Creatures
  Agnes (D:15)
  A storm dragon (Orc:2)
  A fenstrider witch (Swamp:2)
  Donald (Swamp:3)
  A shadow dragon (Depths:1)
  An orc warlord (Orc:1)
  4 eleionomae
  A dire elephant (Lair:5)
  2 ettins (Depths:1)
  4 bunyips
  2 fire dragons (Depths:1)
  A rakshasa (D:15)
  3 ice dragons
  A spriggan air mage (Depths:1)
  7 boulder beetles
  4 hydras
  3 centaur warriors
  5 alligators
  A death knight (D:13)
  A catoblepas (Lair:5)
  7 two-headed ogres
  2 spriggan berserkers (Depths:1)
  17 death yaks
  A deep troll shaman (Lair:5)
  3 tengu warriors
  An occultist (Depths:1)
  2 orc high priests (Orc:2)
  Urug (D:12)
  A skyshark (shapeshifter) (D:15)
  A deep elf knight (D:12)
  4 spriggans
  A skeletal warrior (D:13)
  6 bog bodies
  An arcanist (D:15)
  A glowing orange brain (D:15)
  6 goliath frogs
  A deep troll (Depths:1)
  4 swamp dragons
  2 orc knights (Orc:2)
  15 ugly things
  A harpy (Lair:1)
  3 deep elf pyromancers
  A goliath frog zombie (Swamp:2)
  5 manticores
  5 cyclopes
  Joseph (D:10)
  Maurice (D:10)
  14 elephants
  4 meliai
  5 black mambas
  6 kobold blastminers
  A water nymph (D:13)
  14 cane toads
  5 orange demons
  4 gargoyles
  3 rime drakes
  An efreet (D:14)
  5 komodo dragons
  3 kobold demonologists (D:11)
  3 freezing wraiths (D:13)
  An unseen horror (D:12)
  A yaktaur (D:13)
  A tengu conjurer (D:13)
  12 trolls
  2 red devils (D:12)
  A queen bee (Lair:5)
  A tarantella (shapeshifter) (D:15)
  5 hornets
  Prince Ribbit (D:6)
  3 polar bears
  6 tyrant leeches
  12 blink frogs
  A glass eye (Lair:4)
  9 slime creatures
  A jumping spider (Lair:2)
  2 shadows
  A vampire (D:12)
  2 fire elementals
  4 wraiths
  A water elemental (D:14)
  9 wyverns
  2 basilisks
  Eustachio (D:5)
  5 vampire mosquitoes
  5 wargs
  47 yaks
  A steam dragon (D:8)
  11 swamp worms
  A harpy simulacrum (D:14)
  2 acid dragons
  2 swamp drakes
  A hell hound (Orc:2)
  17 water moccasins
  24 orc warriors
  2 laughing skulls (D:14)
  2 sky beasts
  3 black bears
  8 ogres
  A tengu (Lair:3)
  7 centaurs
  9 wolves
  3 phantoms (D:6)
  10 kobold brigands
  10 bullfrogs
  A scorpion (D:7)
  A gnoll sergeant (D:9)
  11 wights (D:8)
  A wyvern skeleton (D:6)
  11 killer bees
  An electric eel (Lair:3)
  2 bullfrog zombies (D:6)
  2 jellies
  2 bombardier beetles
  A bullfrog skeleton (D:6)
  16 orc priests
  A hound (D:5)
  A centaur skeleton (D:6)
  A sleepcap (D:6)
  3 iguanas
  28 orc wizards
  7 hell rats (Lair:3)
  A killer bee zombie (D:6)
  Robin (D:2)
  A howler monkey skeleton (D:6)
  2 howler monkey zombies (D:6)
  6 gnolls
  6 adders
  9 river rats (Lair:3)
  2 shadow imps (D:5)
  2 white imps
  A dart slug (D:3)
  4 ribbon worms
  82 orcs
  10 ball pythons
  10 endoplasms
  8 giant cockroaches
  15 goblins
  9 hobgoblins
  49 kobolds
  2 quokkas
  4 bats
  6 frilled lizards
  12 rats
789 creatures vanquished.

Vanquished Creatures (collateral kills)
  A fenstrider witch (Swamp:3)
  A fire giant (Depths:1)
  Azrael (Orc:2)
  A death yak (Lair:3)
  3 alligators
  An ugly thing (D:11)
  An orange demon (D:12)
  A red devil (D:12)
  5 yaks
  A basilisk (Lair:2)
  A steam dragon (D:10)
  2 swamp worms
  A hell hound (Orc:2)
  Duvessa (D:6)
  An orc warrior (D:7)
  2 centaurs (D:11)
  2 wights (D:8)
  Dowan (D:6)
  2 orc priests
  A sleepcap (D:7)
  Terence (D:2)
  An orc wizard (D:10)
  A shadow imp (D:7)
  2 orcs
35 creatures vanquished.

Vanquished Creatures (others)
  An ugly thing (D:14)
  A bloated husk (Swamp:4)
  A yak (Lair:2)
  A swamp drake (Swamp:4)
  An orc warrior (Orc:2)
  A water moccasin zombie (Lair:3)
6 creatures vanquished.

Grand Total: 830 creatures vanquished

Notes
Turn   | Place    | Note
-------+----------+-------------------------------------------
     0 | D:1      | Longtemps the Demonspawn Chaos Knight began the quest for
                  | the Orb.
     0 | D:1      | Reached XP level 1. HP: 18/18 MP: 1/1
   213 | D:1      | Gained mutation: You have sharp fingernails. [demonic
                  | ancestry]
   213 | D:1      | Reached XP level 2. HP: 24/24 MP: 2/2
   452 | D:1      | XOM: silly message
   535 | D:1      | XOM: cloud trail
   548 | D:1      | XOM: scenery: summon butterflies
   689 | D:2      | XOM: stealth player
   696 | D:2      | Reached skill level 1 in Dodging
   789 | D:2      | Noticed Robin
   790 | D:2      | Reached XP level 3. HP: 27/29 MP: 3/3
  1051 | D:2      | Killed Robin
  1137 | D:2      | XOM: divination: detect creatures
  1191 | D:2      | You fall into a shaft and drop 1 floor!
  1221 | D:3      | Gained mutation: A weak demonic guardian rushes to your
                  | aid. [demonic ancestry]
  1221 | D:3      | Reached XP level 4. HP: 31/37 MP: 4/4
  1408 | D:2      | XOM: divination: magic mapping
  1419 | D:2      | XOM: god gift: +2 pair of gloves of infusion
  1489 | D:2      | Noticed Terence
  1515 | D:2      | Killed Terence
  1679 | D:2      | XOM: 1-stop teleportation journey
  1934 | D:2      | Found a faded altar of an unknown god.
  2000 | D:3      | XOM: cloud trail
  2024 | D:3      | Reached skill level 1 in Stealth
  2024 | D:3      | Reached XP level 5. HP: 3/42 MP: 0/5
  2793 | D:3      | XOM: divination: detect items
  2984 | D:4      | Found a staircase to the Ecumenical Temple.
  3078 | D:4      | XOM: give mutation
  3078 | D:4      | Gained mutation: You have a pair of small horns on your
                  | head. [Xom's grace]
  3286 | D:4      | Found a glowing drain.
  3368 | Sewer    | Entered a sewer
  3433 | Sewer    | Gained mutation: A demonic guardian rushes to your aid.
                  | [demonic ancestry]
  3433 | Sewer    | Reached XP level 6. HP: 28/47 MP: 2/6
  3560 | Sewer    | XOM: 2-stop teleportation journey
  3702 | Sewer    | XOM: god gift: marble ring {god gift}
  4142 | D:4      | XOM: 2-stop teleportation journey
  4317 | D:4      | XOM: give mutations
  4317 | D:4      | Gained mutation: You have a pair of horns on your head.
                  | [Xom's grace]
  4317 | D:4      | Gained mutation: You are somewhat resistant to further
                  | mutation. [Xom's grace]
  4317 | D:4      | Gained mutation: You are covered in fur. (AC +1) [Xom's
                  | grace]
  4638 | D:5      | Entered Level 5 of the Dungeon
  4956 | D:5      | Noticed Sigmund
  5091 | D:5      | XOM: give mutations
  5091 | D:5      | Gained mutation: You are covered in thick fur. (AC +2)
                  | [Xom's grace]
  5091 | D:5      | Gained mutation: Your flesh is heat resistant. (rF+) [Xom's
                  | grace]
  5191 | D:5      | Reached skill level 5 in Axes
  5244 | D:5      | Noticed a water moccasin
  5276 | D:6      | Gained mutation: You have very sharp fingernails. [demonic
                  | ancestry]
  5276 | D:6      | Reached XP level 7. HP: 54/54 MP: 0/7
  5339 | D:6      | Noticed Dowan
  5342 | D:6      | XOM: summons 7 friendly demons
  5343 | D:6      | XOM: polymorph ufetubus -> shadow imp
  5348 | D:6      | Killed Dowan
  5360 | D:6      | Noticed Duvessa
  5369 | D:6      | Killed Duvessa
  5399 | D:6      | Noticed Jeremiah
  5540 | D:5      | Identified the +0 robe "Rofetusi" {Dex+3}
  5936 | D:5      | XOM: give mutations
  5936 | D:5      | Gained mutation: You have an increased reservoir of magic.
                  | (+10% MP) [Xom's grace]
  5936 | D:5      | Gained mutation: You possess an exceptional clarity of
                  | mind. [Xom's grace]
  5936 | D:5      | Gained mutation: Your muscles are strong. (Str +4, Int/Dex
                  | -1) [Xom's grace]
  5959 | D:5      | XOM: god gift: 50 gold pieces
  6002 | D:5      | XOM: summons 4 hostile demons
  6003 | D:5      | Noticed a ynoxinul
  6128 | D:5      | Sigmund changed into Sigmund the bat
  6128 | D:5      | Noticed Sigmund
  6128 | D:5      | XOM: polymorph Sigmund -> Sigmund the bat
  6129 | D:5      | Killed Sigmund the bat
  6199 | D:5      | XOM: give mutations
  6199 | D:5      | Gained mutation: You have large cloven feet. [Xom's grace]
  6199 | D:5      | Gained mutation: Your thick and shaggy fur keeps you warm.
                  | (AC +3, rC+) [Xom's grace]
  6199 | D:5      | Gained mutation: You have a pair of large horns on your
                  | head. [Xom's grace]
  6297 | D:6      | XOM: blink monster(s)
  6302 | D:6      | XOM: divination: detect creatures
  6310 | D:6      | Reached XP level 8. HP: 54/61 MP: 0/8
  6428 | D:6      | Found a burning altar of Makhleb.
  6539 | D:6      | Noticed Prince Ribbit
  6558 | D:6      | Killed Prince Ribbit
  6559 | D:6      | Reached skill level 5 in Fighting
  6635 | D:6      | Noticed Eustachio
  6645 | D:6      | XOM: confuse monster(s)
  6682 | D:5      | Killed Eustachio
  7318 | D:7      | Reached XP level 9. HP: 68/68 MP: 7/9
  7384 | D:7      | XOM: summons friendly iron imp
  7570 | D:7      | XOM: god gift: crooked ivory wand {god gift}
  7626 | D:7      | XOM: cast spell 'Disjunction'
  7679 | D:7      | Identified the +1 buckler "Juawisam" {Int+5 SInv}
  7690 | D:7      | XOM: give mutations
  7690 | D:7      | Gained mutation: Your mind is acute. (Int +4, Str/Dex -1)
                  | [Xom's grace]
  7690 | D:7      | Gained mutation: You have hoof-like feet. [Xom's grace]
  7726 | D:7      | XOM: cleaving
  7729 | D:7      | Reached skill level 1 in Evocations
  7878 | D:7      | Found an opulent altar of Gozag.
  7993 | D:7      | XOM: enchant monster (good)
  7995 | D:7      | XOM: scenery: 2 doors close
  8258 | D:6      | Found a stormy altar of Qazlal.
  8434 | D:8      | Identified the +1 pair of gloves "Ufoi" {rElec rC+ Int+2
                  | SInv} (Xom gifted it to you on level 8 of the Dungeon)
  8434 | D:8      | XOM: god gift: +1 pair of gloves "Ufoi" {rElec rC+ Int+2
                  | SInv}
  8627 | D:8      | XOM: scenery: create altars
  8651 | D:8      | XOM: scenery: summon butterflies
  8676 | D:8      | Gained mutation: You are partially covered in icy blue
                  | scales. (AC +2) [demonic ancestry]
  8676 | D:8      | Reached XP level 10. HP: 76/76 MP: 7/11
  8684 | D:8      | Identified the staff "Yduasm" {*Corrode rF+ rN+++ Conj
                  | Summ}
  8699 | D:8      | XOM: summons 4 friendly demons
  8731 | D:8      | Reached skill level 1 in Shields
  8973 | D:8      | Found Maenag's Jewellery Shop.
  9270 | D:9      | Found a staircase to the Lair.
  9324 | D:9      | Found a bloodstained altar of Trog.
  9328 | D:8      | XOM: summons friendly crimson imp
  9481 | D:9      | Found a staircase to the Orcish Mines.
  9490 | D:9      | XOM: polymorph kobold brigand -> bombardier beetle
  9492 | D:9      | XOM: summons friendly quasit
  9497 | D:9      | Reached skill level 5 in Dodging
  9501 | D:9      | XOM: cast spell 'Iskenderun's Battlesphere'
  9506 | D:9      | XOM: 1-stop teleportation journey
  9524 | D:9      | XOM: divination: detect creatures
  9530 | D:9      | XOM: silly message
  9726 | D:9      | XOM: potion effect (might)
  9735 | D:9      | Reached skill level 5 in Stealth
  9756 | D:9      | XOM: noise
  9763 | D:9      | XOM: potion effect (invisibility)
  9820 | D:9      | Reached skill level 10 in Axes
  9888 | D:9      | Identified the ring "Facvy" {rElec rPois rCorr Slay-3 SInv}
  9932 | D:9      | Noticed a two-headed ogre
  9975 | D:10     | Entered Level 10 of the Dungeon
 10116 | D:10     | Noticed Maurice
 10120 | D:10     | Maurice stole 548 gold
 10120 | D:10     | Maurice stole 22 gold
 10126 | D:10     | Killed Maurice
 10370 | D:10     | XOM: divination: magic mapping
 10376 | D:10     | Noticed Joseph
 10387 | D:10     | Killed Joseph
 10588 | D:10     | Found an ancient bone altar of Kikubaaqudgha.
 10590 | D:10     | XOM: enchant monster (bad)
 10804 | D:10     | XOM: summons 10 friendly demons
 11008 | Lair:1   | Entered Level 1 of the Lair of Beasts
 11050 | Orc:1    | Entered Level 1 of the Orcish Mines
 11051 | Orc:1    | Noticed a kobold blastminer
 11066 | D:9      | Reached XP level 11. HP: 61/84 MP: 6/12
 11432 | Lair:1   | XOM: enchant monster (bad)
 11781 | Lair:1   | Reached skill level 5 in Armour
 12066 | Lair:1   | Noticed a boulder beetle
 12082 | Lair:1   | XOM: blink monster(s)
 12362 | Lair:1   | XOM: give mutations
 12362 | Lair:1   | Lost mutation: You are somewhat resistant to further
                  | mutation. [Xom's mischief]
 12362 | Lair:1   | Lost mutation: You have an increased reservoir of magic.
                  | (+10% MP) [Xom's mischief]
 12392 | Lair:1   | XOM: repel stairs
 12565 | Lair:1   | Killed a boulder beetle
 12607 | Lair:1   | XOM: give mutations
 12607 | Lair:1   | Lost mutation: Your flesh is heat resistant. (rF+) [Xom's
                  | mischief]
 12607 | Lair:1   | Lost mutation: You possess an exceptional clarity of mind.
                  | [Xom's mischief]
 12607 | Lair:1   | Lost mutation: Your mind is acute. (Int +4, Str/Dex -1)
                  | [Xom's mischief]
 12607 | Lair:1   | Lost mutation: Your thick and shaggy fur keeps you warm.
                  | (AC +3, rC+) [Xom's mischief]
 12667 | Lair:1   | XOM: 5-stop teleportation journey
 13025 | Lair:2   | XOM: cloud trail
 13051 | Lair:2   | XOM: summons friendly crimson imp
 13349 | Lair:1   | a yak changed into a harpy
 13349 | Lair:1   | Noticed a harpy
 13359 | Lair:1   | Killed a harpy
 13465 | Lair:2   | Found a staircase to the Swamp.
 13465 | Lair:2   | XOM: 9-stop teleportation journey
 13685 | Lair:2   | Noticed a death yak
 13685 | Lair:2   | Noticed a death yak
 13685 | Lair:2   | XOM: 3-stop teleportation journey
 13771 | Lair:2   | Noticed a death yak
 13784 | Lair:2   | Reached XP level 12. HP: 89/92 MP: 9/12
 14071 | Lair:2   | XOM: give mutation
 14071 | Lair:2   | Gained mutation: You are somewhat resistant to further
                  | mutation. [Xom's grace]
 14207 | Lair:2   | XOM: fog
 14212 | Lair:1   | XOM: cleaving
 14215 | Lair:1   | Killed a death yak
 14344 | Lair:2   | XOM: cleaving
 14353 | Lair:2   | XOM: polymorph yak -> jumping spider
 14412 | Lair:1   | XOM: divination: magic mapping
 14562 | Lair:1   | a death yak changed into a cane toad
 14562 | Lair:1   | XOM: polymorph death yak -> cane toad
 14846 | Lair:2   | XOM: confuse monster(s)
 14848 | Lair:2   | XOM: divine lightning
 14854 | Lair:1   | XOM: confuse monster(s)
 14865 | Lair:1   | XOM: confuse monster(s)
 14874 | Lair:1   | Killed a death yak
 15001 | Lair:2   | Found a hole to the Spider Nest.
 15093 | Lair:2   | XOM: scenery: summon butterflies
 15263 | Lair:2   | XOM: enchant monster (good)
 15265 | Lair:2   | XOM: summons 3 friendly demons
 15270 | Lair:2   | XOM: fog
 15276 | Lair:2   | XOM: destruction
 15730 | Lair:3   | XOM: snakes to sticks
 15781 | Lair:2   | XOM: summons friendly ufetubus
 15958 | Lair:3   | XOM: polymorph bullfrog -> bullfrog
 15987 | Lair:2   | XOM: god gift: silver javelin
 16185 | Lair:3   | XOM: god gift: scarf of invisibility
 16192 | Lair:2   | XOM: fog
 16348 | Lair:3   | XOM: give mutations
 16348 | Lair:3   | Gained mutation: Your muscles are very strong. (Str +8,
                  | Int/Dex -2) [Xom's mischief]
 16348 | Lair:3   | Lost mutation: You are covered in thick fur. (AC +2) [Xom's
                  | mischief]
 16500 | D:9      | Killed a two-headed ogre
 16694 | D:9      | XOM: stat loss: -1 Dex (9/10)
 16812 | D:9      | XOM: give mutations
 16812 | D:9      | Lost mutation: You have hoof-like feet. [Xom's mischief]
 16812 | D:9      | Lost mutation: You are somewhat resistant to further
                  | mutation. [Xom's mischief]
 16812 | D:9      | Gained mutation: Your flesh is heat resistant. (rF+) [Xom's
                  | mischief]
 16812 | D:9      | Lost mutation: You have large cloven feet. [Xom's mischief]
 17011 | D:11     | Noticed a two-headed ogre
 17017 | D:11     | Killed a two-headed ogre
 17287 | D:11     | XOM: 2-stop teleportation journey
 17298 | D:11     | XOM: destruction
 17356 | D:10     | XOM: give mutations
 17356 | D:10     | Lost mutation: You have a pair of large horns on your head.
                  | [Xom's mischief]
 17356 | D:10     | Gained mutation: Armour fits poorly on your strangely
                  | shaped body. [Xom's mischief]
 17366 | D:11     | XOM: summons 2 friendly demons
 17505 | D:10     | XOM: silly message
 17616 | D:11     | XOM: divination: detect items
 17811 | D:11     | XOM: potion effect (curing)
 17816 | D:11     | XOM: potion effect (brilliance)
 17817 | D:11     | XOM: potion effect (magic)
 17823 | D:11     | Reached XP level 13. HP: 94/101 MP: 11/13
 17857 | D:11     | Identified a scroll of acquirement
 17857 | D:11     | Acquired a manual of Fighting
 17859 | D:11     | XOM: cast spell 'Leda's Liquefaction'
 18125 | D:11     | XOM: divination: magic mapping
 18349 | D:11     | XOM: divination: magic mapping
 18879 | D:12     | XOM: potion effect (brilliance)
 19565 | D:12     | XOM: divination: detect items
 19575 | D:11     | Reached skill level 5 in Shields
 19699 | D:11     | XOM: god gift: wand of light (5)
 19768 | D:9      | Reached skill level 10 in Fighting
 19961 | D:9      | XOM: noise
 19970 | Orc:1    | XOM: 2-stop teleportation journey
 19973 | Orc:1    | XOM: cast spell 'Fugue of the Fallen'
 20134 | Orc:1    | XOM: 1-stop teleportation journey
 20135 | Orc:1    | You fall into a shaft and drop 1 floor!
 20135 | Orc:2    | Entered Level 2 of the Orcish Mines
 20176 | Orc:1    | Found a radiant altar of Vehumet.
 20334 | Orc:2    | XOM: potion effect (berserk rage)
 20341 | Orc:2    | XOM: summons 7 hostile demons
 20342 | Orc:1    | XOM: swap monsters
 20460 | Orc:2    | XOM: silly message
 20482 | Orc:2    | Found Morph's General Store.
 20486 | Orc:2    | Found Husilus's Specific Store.
 20499 | Orc:2    | Bought a scroll of poison for 64 gold pieces
 20509 | Orc:2    | Bought a scroll of fear for 68 gold pieces
 20563 | Orc:2    | Found a staircase to the Elven Halls.
 20575 | Orc:2    | Found Okhloseq's Antique Weapon Emporium.
 20857 | Orc:2    | XOM: swap monsters
 20921 | Orc:2    | Noticed Azrael
 20923 | Orc:2    | XOM: cast spell 'Summon Horrible Things'
 20928 | Orc:2    | Killed Azrael
 20929 | Orc:2    | Reached skill level 1 in Throwing
 20936 | Orc:2    | XOM: noise
 21166 | Orc:2    | an orc high priest changed into a storm dragon
 21166 | Orc:2    | Noticed a storm dragon
 21166 | Orc:2    | XOM: polymorph orc high priest -> storm dragon
 21409 | Orc:2    | XOM: silly message
 21439 | Orc:2    | XOM: repel stairs
 21440 | Orc:2    | XOM: 4-stop teleportation journey
 21463 | Orc:2    | XOM: smoke on damage
 21469 | Orc:2    | Noticed an orc warlord
 21746 | Lair:3   | XOM: summons 7 hostile demons
 21784 | Lair:2   | XOM: god gift: flail {god gift}
 21913 | Lair:3   | XOM: silly message
 21937 | Lair:3   | XOM: silly message
 21963 | Lair:3   | XOM: give mutation
 21963 | Lair:3   | Lost mutation: Your muscles are very strong. (Str +8,
                  | Int/Dex -2) [Xom's mischief]
 22036 | Lair:3   | XOM: noise
 22037 | Lair:3   | XOM: divination: magic mapping
 22049 | Lair:3   | Reached skill level 1 in Long Blades
 22129 | Lair:3   | XOM: silly message
 22132 | Lair:3   | XOM: confuse monster(s)
 22138 | Lair:3   | XOM: fog
 22199 | Lair:3   | XOM: noise
 22204 | Lair:3   | XOM: enchant monster (bad)
 22211 | Lair:3   | XOM: cast spell 'Fugue of the Fallen'
 22223 | Lair:3   | XOM: fog
 22233 | Lair:3   | XOM: enchant monster (good)
 22494 | Lair:3   | XOM: scenery: summon butterflies
 22507 | Lair:3   | XOM: cast spell 'Monstrous Menagerie'
 22510 | Lair:3   | XOM: scenery: summon butterflies
 23109 | Lair:3   | XOM: cloud trail
 23265 | Lair:4   | XOM: give mutations
 23265 | Lair:4   | Gained mutation: Your mind is acute. (Int +4, Str/Dex -1)
                  | [Xom's grace]
 23265 | Lair:4   | Gained mutation: You are agile. (Dex +4, Str/Int -1) [Xom's
                  | grace]
 23265 | Lair:4   | Gained mutation: You are covered in thick fur. (AC +2)
                  | [Xom's grace]
 23265 | Lair:4   | Gained mutation: You expend magic power (3 MP) to
                  | strengthen your wands. [Xom's grace]
 23368 | Lair:4   | XOM: give mutations
 23368 | Lair:4   | Gained mutation: Your spells are a little harder to cast,
                  | but a little more powerful. [Xom's mischief]
 23368 | Lair:4   | Lost mutation: You are covered in thick fur. (AC +2) [Xom's
                  | mischief]
 23368 | Lair:4   | Lost mutation: Your spells are a little harder to cast, but
                  | a little more powerful. [Xom's mischief]
 23368 | Lair:4   | Lost mutation: Your mind is acute. (Int +4, Str/Dex -1)
                  | [Xom's mischief]
 23427 | Lair:4   | XOM: 2-stop teleportation journey
 23602 | Lair:4   | Found a viscous altar of Jiyva.
 23603 | Lair:4   | Found a staircase to the Slime Pits.
 23622 | Lair:4   | XOM: noise
 23627 | Lair:4   | XOM: silly message
 23631 | Lair:4   | XOM: polymorph slime creature -> glass eye
 23694 | Lair:4   | XOM: polymorph jelly -> bullfrog
 23728 | Lair:4   | XOM: summons 7 hostile demons
 23737 | Lair:5   | Entered Level 5 of the Lair of Beasts
 23749 | Lair:5   | XOM: confusion (+ monsters)
 23752 | Lair:5   | XOM: potion effect (brilliance)
 23790 | Lair:5   | Reached XP level 14. HP: 107/113 MP: 1/14
 23831 | Lair:4   | XOM: potion effect (curing)
 23834 | Lair:4   | XOM: divination: detect items
 23847 | Lair:4   | XOM: noise
 23858 | Lair:4   | XOM: divination: magic mapping
 23863 | Lair:4   | XOM: cast spell 'Leda's Liquefaction'
 24028 | Lair:3   | XOM: divination: magic mapping
 24211 | Lair:3   | XOM: summons friendly crimson imp
 24584 | Lair:4   | XOM: cloud trail
 24688 | Lair:4   | XOM: enchant monster (bad)
 24958 | Lair:5   | XOM: cast spell 'Cause Fear'
 25116 | Lair:5   | XOM: divination: detect creatures
 25117 | Lair:5   | XOM: blink monster(s)
 25126 | Lair:4   | XOM: noise
 25174 | Lair:5   | XOM: confuse monster(s)
 25420 | Lair:5   | Noticed sking99's ghost (journeyman DrSh)
 25426 | Lair:5   | XOM: summons 4 friendly demons
 25610 | Lair:5   | XOM: enchant monster (good)
 25767 | Lair:5   | XOM: noise
 25798 | Lair:4   | XOM: fog
 25806 | Lair:5   | XOM: noise
 25816 | Lair:5   | XOM: 5-stop teleportation journey
 25839 | Lair:5   | XOM: noise
 25971 | Lair:5   | Found a runed translucent gate.
 25972 | Lair:5   | Found a runed translucent gate.
 25995 | Lair:5   | Found a runed translucent gate.
 26076 | Lair:5   | XOM: smoke on damage
 26204 | Lair:5   | XOM: enchant monster (bad)
 26420 | Lair:5   | XOM: summons 3 hostile shadow creatures
 26627 | Lair:5   | XOM: enchant monster (bad)
 26631 | Lair:5   | XOM: chaos cloud
 26985 | Lair:5   | XOM: confusion
 26994 | Lair:5   | XOM: silly message
 26995 | Lair:5   | XOM: enchant monster (bad)
 27133 | Lair:5   | XOM: noise
 27155 | Lair:5   | XOM: swap monsters
 27178 | Lair:5   | XOM: 6-stop teleportation journey
 27295 | Lair:5   | XOM: chaos cloud
 27319 | Lair:5   | Reached skill level 5 in Long Blades
 27348 | Lair:5   | XOM: noise
 27460 | Lair:5   | XOM: noise
 27489 | Lair:5   | XOM: destruction
 27735 | Lair:5   | Found the +8 arc blade {discharge, rElec}
 28124 | Orc:1    | XOM: swap monsters
 28135 | Orc:1    | Killed an orc warlord
 28149 | Orc:1    | XOM: silly message
 28479 | Orc:1    | XOM: summons 1 hostile shadow creature
 28494 | Orc:2    | XOM: confusion
 28503 | Orc:2    | XOM: noise
 28688 | D:8      | Bought the amulet of Vir Opotz {*Slow ^Fragile Regen+ Str+8
                  | SInv} for 514 gold pieces
 28761 | Orc:2    | XOM: repel stairs
 28811 | Orc:2    | XOM: chaos cloud
 28953 | Orc:2    | XOM: polymorph orc warrior -> troll
 29003 | Orc:2    | Found Aczam's Magic Scroll Shop.
 29164 | Orc:2    | XOM: polymorph orc warrior -> rime drake
 29198 | Orc:2    | Found Innoalu's Weapon Shoppe.
 29269 | Orc:2    | XOM: give mutations
 29269 | Orc:2    | Gained mutation: You have a pair of large horns on your
                  | head. [Xom's mischief]
 29269 | Orc:2    | Lost mutation: Your muscles are strong. (Str +4, Int/Dex
                  | -1) [Xom's mischief]
 29303 | Orc:2    | Found Coluim's Antique Armour Shop.
 29314 | Orc:2    | Found Zesubak's Antique Weapon Boutique.
 29325 | Orc:2    | Bought a pair of dazzling boots for 351 gold pieces
 29325 | Orc:2    | Identified the +0 pair of boots "Xoasuhoi" {*Corrode +Inv
                  | rN+++ Dex+4} (You bought it in a shop on level 2 of the
                  | Orcish Mines)
 29415 | Orc:2    | XOM: noise
 29423 | Orc:2    | Killed a storm dragon
 29561 | Orc:2    | XOM: give mutations
 29561 | Orc:2    | Lost mutation: Armour fits poorly on your strangely shaped
                  | body. [Xom's mischief]
 29561 | Orc:2    | Gained mutation: You occasionally shout uncontrollably at
                  | your foes. [Xom's mischief]
 29561 | Orc:2    | Gained mutation: You have hidden genetic potential. [Xom's
                  | mischief]
 30268 | Orc:1    | XOM: summons 8 friendly demons
 30549 | D:12     | XOM: noise
 30550 | D:11     | XOM: enchant monster (bad)
 30595 | D:11     | XOM: summons friendly iron imp
 30714 | D:12     | Noticed Urug
 30760 | D:12     | Killed Urug
 30910 | D:12     | XOM: summons friendly quasit
 30911 | D:12     | XOM: noise
 30923 | D:12     | Gained mutation: A meltable shield of frost defends you.
                  | (SH +4) [demonic ancestry]
 30923 | D:12     | Reached XP level 15. HP: 102/124 MP: 10/15
 30997 | D:12     | XOM: 1-stop teleportation journey
 31088 | D:12     | XOM: silly message
 31347 | D:12     | XOM: give mutations
 31347 | D:12     | Lost mutation: You expend magic power (3 MP) to strengthen
                  | your wands. [Xom's mischief]
 31347 | D:12     | Lost mutation: You have a pair of large horns on your head.
                  | [Xom's mischief]
 31665 | D:11     | XOM: divination: detect items
 31670 | D:12     | XOM: silly message
 31851 | D:12     | XOM: silly message
 31975 | D:12     | XOM: silly message
 32134 | D:13     | Found a transporter.
 32139 | D:13     | Found a transporter.
 32140 | D:13     | Noticed tevior's ghost (journeyman HOGl)
 32257 | D:13     | XOM: potion effect (attraction)
 32550 | D:13     | XOM: cast spell 'Summon Ice Beast'
 32869 | D:13     | Found a gate to the Vaults.
 33625 | D:13     | XOM: summons 4 hostile shadow creatures
 33966 | D:14     | Reached skill level 10 in Dodging
 34179 | D:14     | XOM: give mutations
 34179 | D:14     | Gained mutation: Your muscles are strong. (Str +4, Int/Dex
                  | -1) [Xom's mischief]
 34179 | D:14     | Lost mutation: You have hidden genetic potential. [Xom's
                  | mischief]
 34179 | D:14     | Lost mutation: You have a pair of horns on your head.
                  | [Xom's mischief]
 34179 | D:14     | Gained mutation: Your system is resistant to poisons.
                  | (rPois) [Xom's mischief]
 34490 | D:14     | XOM: chaos cloud
 34492 | D:14     | XOM: give mutations
 34492 | D:14     | Lost mutation: You occasionally shout uncontrollably at
                  | your foes. [Xom's mischief]
 34492 | D:14     | Lost mutation: Your muscles are strong. (Str +4, Int/Dex
                  | -1) [Xom's mischief]
 34492 | D:14     | Lost mutation: You are agile. (Dex +4, Str/Int -1) [Xom's
                  | mischief]
 34492 | D:14     | Gained mutation: You are resistant to electric shocks.
                  | (rElec) [Xom's mischief]
 34705 | D:14     | XOM: give mutation
 34705 | D:14     | Gained mutation: You have large cloven feet. [Xom's
                  | mischief]
 34714 | D:14     | XOM: swap monsters
 34727 | D:14     | XOM: torment (83/126 hp)
 34729 | D:14     | XOM: repel stairs
 34733 | D:14     | XOM: swap monsters
 34924 | D:14     | XOM: summons 5 hostile demons
 35038 | D:14     | XOM: 1-stop teleportation journey
 35240 | D:14     | Reached skill level 15 in Axes
 35403 | D:14     | XOM: confusion (+ monsters)
 35404 | D:14     | XOM: summons 12 friendly demons
 35410 | D:14     | XOM: 3-stop teleportation journey
 35634 | D:14     | XOM: potion effect (haste)
 35670 | D:14     | XOM: cloud trail
 35696 | D:14     | XOM: give mutations
 35696 | D:14     | Gained mutation: You are agile. (Dex +4, Str/Int -1) [Xom's
                  | grace]
 35696 | D:14     | Gained mutation: You have hidden genetic potential. [Xom's
                  | grace]
 35712 | D:14     | Found a stormy altar of Qazlal.
 35801 | D:14     | XOM: give mutations
 35801 | D:14     | Lost mutation: Your flesh is heat resistant. (rF+) [Xom's
                  | mischief]
 35801 | D:14     | Lost mutation: You are agile. (Dex +4, Str/Int -1) [Xom's
                  | mischief]
 35801 | D:14     | Gained mutation: You are occasionally teleported next to
                  | monsters. [Xom's mischief]
 35822 | D:15     | Entered Level 15 of the Dungeon
 36002 | D:15     | Noticed Agnes
 36016 | D:15     | Killed Agnes
 36194 | D:15     | XOM: confusion (+ monsters)
 36196 | D:15     | Reached skill level 10 in Stealth
 36246 | D:15     | XOM: summons 1 hostile shadow creature
 36512 | D:15     | Found Suroaq's Distillery.
 36525 | D:15     | XOM: polymorph ogre mage -> glowing shapeshifter
 36536 | D:15     | Bought a potion of enlightenment for 95 gold pieces
 36536 | D:15     | Bought a potion of mutation for 152 gold pieces
 36536 | D:15     | Bought a potion of heal wounds for 95 gold pieces
 36536 | D:15     | Bought a potion of brilliance for 76 gold pieces
 36536 | D:15     | Bought a potion of might for 76 gold pieces
 36536 | D:15     | Bought a potion of curing for 57 gold pieces
 36687 | D:15     | XOM: enchant monster (bad)
 36689 | D:15     | XOM: silly message
 36942 | D:15     | XOM: fog
 36955 | D:15     | XOM: enchant monster (good)
 36971 | D:15     | Found a staircase to the Depths.
 37096 | Depths:1 | Entered Level 1 of the Depths
 37124 | Depths:1 | XOM: summons friendly white imp
 37174 | Depths:1 | Noticed a fire giant
 37174 | Depths:1 | Noticed a shadow dragon
 37174 | Depths:1 | XOM: summons 6 friendly demons
 37175 | Depths:1 | Noticed a juggernaut
 37192 | Depths:1 | XOM: divination: detect items
 37197 | Depths:1 | XOM: confuse monster(s)
 37237 | Depths:1 | Identified the +10 fire dragon scales of the Lute {rF++ rC-
                  | Int+3 SInv}
 37265 | Depths:1 | Killed a shadow dragon
 37281 | Depths:1 | a fire giant changed into a fire dragon
 37281 | Depths:1 | XOM: polymorph fire giant -> fire dragon
 37284 | Depths:1 | XOM: enchant monster (good)
 37385 | D:15     | Identified the amulet "Bamn" {Reflect Slay+3 SH+5 SInv}
                  | (Xom gifted it to you on level 15 of the Dungeon)
 37385 | D:15     | XOM: god gift: amulet "Bamn" {Reflect Slay+3 SH+5 SInv}
 37437 | Depths:1 | Noticed a fire giant
 37525 | Depths:1 | XOM: scenery: 2 doors close
 37530 | Depths:1 | XOM: enchant monster (good)
 37532 | Depths:1 | XOM: fake destruction
 37547 | Depths:1 | Gained mutation: You are mostly covered in icy blue scales.
                  | (AC +3) [demonic ancestry]
 37547 | Depths:1 | Reached XP level 16. HP: 25/134 MP: 5/16
 37564 | Depths:1 | XOM: summons 9 friendly demons
 37636 | Depths:1 | XOM: destruction
 37640 | Depths:1 | Noticed a lich
 37670 | Depths:1 | Noticed a golden dragon
 37717 | Depths:1 | XOM: fog
 38153 | Swamp:1  | Entered Level 1 of the Swamp
 38163 | Swamp:1  | XOM: confuse monster(s)
 38166 | Swamp:1  | XOM: destruction
 38172 | Swamp:1  | XOM: noise
 38176 | Swamp:1  | XOM: noise
 38185 | Swamp:1  | Reached skill level 15 in Fighting
 38190 | Swamp:1  | XOM: confusion
 38222 | Swamp:1  | Found a transporter.
 38228 | Swamp:1  | XOM: fog
 38258 | Swamp:1  | XOM: summons friendly crimson imp
 38680 | Swamp:1  | Found a transporter.
 38824 | Swamp:1  | XOM: 1-stop teleportation journey
 38988 | Swamp:1  | XOM: scenery: summon butterflies
 39193 | Lair:2   | XOM: scenery: create altars
 39267 | Swamp:2  | XOM: enchant monster (bad)
 39268 | Swamp:2  | XOM: silly message
 39272 | Swamp:2  | XOM: summons friendly iron imp
 39312 | Swamp:2  | XOM: give mutations
 39312 | Swamp:2  | Lost mutation: You have hidden genetic potential. [Xom's
                  | mischief]
 39312 | Swamp:2  | Gained mutation: You are somewhat resistant to further
                  | mutation. [Xom's mischief]
 39312 | Swamp:2  | Lost mutation: You are resistant to electric shocks.
                  | (rElec) [Xom's mischief]
 39312 | Swamp:2  | Gained mutation: You sometimes lose your temper in combat.
                  | [Xom's mischief]
 40023 | Swamp:2  | XOM: cloud trail
 40365 | Swamp:3  | XOM: noise
 40387 | Swamp:3  | Reached skill level 10 in Armour
 40856 | Swamp:3  | XOM: 1-stop teleportation journey
 41030 | Swamp:3  | Noticed Donald
 41055 | Swamp:3  | Killed Donald
 41297 | Swamp:4  | Entered Level 4 of the Swamp
 41352 | Swamp:4  | XOM: summons friendly crimson imp
 41389 | Swamp:3  | XOM: god gift: leather armour {god gift}
 41451 | Swamp:4  | XOM: divination: magic mapping
 41553 | Swamp:4  | XOM: divination: detect creatures
 41600 | Swamp:4  | Identified the +6 quarterstaff "Giantbane" {flame, Int+3}
 41616 | Swamp:4  | XOM: divination: magic mapping
 41626 | Swamp:4  | XOM: god gift: 14 gold pieces
 41728 | Swamp:4  | XOM: silly message
 41751 | Swamp:4  | Noticed the 27-headed Lernaean hydra
 41759 | Swamp:4  | XOM: noise
 41772 | Swamp:4  | Killed from afar by a spriggan druid

Illustrated notes

Levels and vault maps discovered:
D:1:      lightli_molten_gateway, layout_loops_ring
D:2:      layout_rooms, hellmonk_ecumenical_altar_defaced_shrine,
          minmay_pentomino_x2, uniq_robin, uniq_terence
D:3:      minmay_general_purpose_star, layout_basic
D:4:      layout_loops_corners, minmay_temple_entry_statues_pillars,
          serial_forest, infiniplex_forest_lined_3,
          infiniplex_forest_straight_3, infiniplex_forest_join,
          infiniplex_forest_lined_3, infiniplex_forest_lined_room_2,
          infiniplex_forest_corner_1, gup_sewer_entry_glass
D:5:      layout_basic, uniq_sigmund
D:6:      layout_cave_pools, mainiacjoe_overflow_tiny_flanked,
          mainiacjoe_overflow_alcove_2, serial_undead, serial_undead_a,
          serial_undead_a, serial_undead_e, serial_undead_b, serial_undead_e,
          uniq_eustachio, uniq_jeremiah, uniq_duvessa, uniq_prince_ribbit1
D:7:      layout_gridville, mainiacjoe_overflow_big_doors, kennysheep_potato
D:8:      layout_cave_pools, zin_statuary, serial_shops,
          nicolae_shop_behind_doors, minmay_misc_feat_chi
D:9:      layout_grid_maze, trog_ov_bears_minmay, lair_entry_dummy,
          kennysheep_orc_monster_closet_entryway
D:10:     layout_grid_maze, kiku_gazebo_pond_becter, uniq_joseph, uniq_maurice
D:11:     layout_loops_ring
D:12:     cheibrodos_fzero, layout_loops_ring, grunt_decor_resistance,
          minmay_beelzebubs_servants, uniq_urug
D:13:     layout_stronghold, hellmonk_vaults_attempted_burglary,
          gammafunk_ghost_hive
D:14:     layout_layer_cave, nicolae_elyvilon_peaceful_grove,
          kennysheep_another_room, nicolae_qazlal_scattered_showers
D:15:     gammafunk_enter_depths_forms, layout_rooms, serial_shops,
          nicolae_shop_back_alley_shop, uniq_agnes
Lair:1:   wad_woods_structure_01, layout_chaotic_city
Lair:2:   layout_small_grid, minmay_swamp_entry_worms,
          hellmonk_spider_entry_not_the_bees
Lair:3:   layout_hall_layers, kennysheep_rathole, grunt_megastairs_4,
          serial_bayou_shore_a, infiniplex_staircase_pool
Lair:4:   layout_concentric_octagons, minmay_slime_entry_pillars
Lair:5:   grunt_lair_end_beastmaster, layout_regular_city, gammafunk_ghost_icy
Swamp:1:  gammafunk_worm_tunnel, layout_falls_marsh,
          evilmike_swamp_ruin_rubble_1
Swamp:2:  layout_basic_swamp, evilmike_swamp_ruin_house_1
Swamp:3:  layout_basic_swamp, evilmike_swamp_ruin_house_3, swamp_pool_5,
          nicolae_swamp_reclaimed_castle, uniq_donald
Swamp:4:  swamp_old_school, layout_basic_swamp, uniq_mara
Orc:1:    layout_caves, basic_altar
Orc:2:    grunt_orc_community_town_hall, layout_caves,
          grunt_orc_community_big_house_1, grunt_orc_community_big_house_1,
          grunt_orc_community_house_1, grunt_orc_community_house_2,
          grunt_orc_community_house_2, grunt_orc_community_house_3,
          serial_shops, nicolae_shop_mannequins, basic_altar,
          nicolae_specific_store, uniq_azrael
Depths:1: layout_gridlike, serial_sigils, serial_sigils_hangedman_gut,
          serial_sigils_hangedman_clutch, serial_sigils_hangedman_stare,
          serial_sigils_hangedman_etch, serial_sigils_hangedman_snap,
          serial_sigils_hangedman_gnaw, hell_entry, grunt_potential

Skill      XL: |  1  2  3  4  5  6  7  8  9 10 11 12 13 14 15 16 |
---------------+-------------------------------------------------+-----
Armour         | 2 3 4 5 6 7 8 10 | 10.6
Axes           | 3 4 5 6 8 9 10 12 13 14 15 | 15.1
Dodging        | 1 2 3 4 6 8 9 10 | 10.1
Stealth        | 1 2 3 4 5 6 7 8 9 10 | 10.2
Fighting       | 4 5 6 7 8 9 11 13 14 15 | 15.7
Evocations     | 3 4 |  4.0
Shields        | 2 3 4 5 6 8 9 |  9.8
Throwing       | 1 2 |  2.5
Long Blades    | 3 5 7 |  7.7
Short Blades   | |  0.4

Action                     |  1- 3 |  4- 6 |  7- 9 | 10-12 | 13-15 | 16-18 || total
---------------------------+-------+-------+-------+-------+-------+-------++-------
  Melee: Hand axe          |   125 |   175 |   246 |   705 |  1506 |   273 ||  3030
         Headbutt          |       |    15 |    48 |   167 |   468 |    86 ||   784
         Kick              |       |       |    26 |       |       |       ||    26
         Punch             |       |       |     2 |       |       |       ||     2
         Rapier            |       |       |       |       |     6 |       ||     6
         Scimitar          |       |       |       |       |       |    20 ||    20
  Throw: Dart              |       |       |     3 |       |    34 |    10 ||    47
         Javelin           |       |       |       |     1 |       |       ||     1
         Boomerang         |       |       |       |       |     2 |       ||     2
Ability: Evoke Invisibilit |       |       |       |       |       |     2 ||     2
  Evoke: Wand              |       |       |       |     1 |     2 |       ||     3
    Use: Scroll            |       |     6 |     6 |     7 |    20 |    10 ||    49
         Potion            |       |       |       |     2 |    16 |     5 ||    23
   Stab: Sleeping          |     3 |     5 |     1 |     8 |     8 |       ||    25
         Confused          |       |     2 |       |     3 |    30 |     3 ||    38
         Petrified         |       |       |     1 |       |    15 |       ||    16
         Paralysed         |       |       |     1 |     2 |     7 |     2 ||    12
         Petrifying        |       |       |       |     1 |     9 |     3 ||    13
         Distracted        |       |       |       |       |     8 |       ||     8
 Armour: Leather armour    |    84 |    98 |   142 |   445 |   535 |       ||  1304
         Plate armour      |       |       |       |       |   284 |   278 ||   562
  Dodge: Dodged            |    78 |   104 |   122 |   323 |   705 |   126 ||  1458
  Block: Buckler           |       |       |    13 |   144 |   420 |   234 ||   811
         Reflection        |       |       |       |       |       |     9 ||     9
